 Dungeon Crawl Stone Soup version 0.30-b1-2-g02819fbbbe (webtiles) character file.

Game seed: 15476223967071529081

129 raph the Poker (level 5, -3/38 HPs)
             Began as a Merfolk Gladiator on May 16, 2023.
             Slain by a cerulean imp
             ... wielding a +0 spear
             ... summoned by Natasha
              (5 damage)
             ... on level 3 of the Dungeon.
             The game lasted 00:02:53 (2518 turns).

raph the Poker (Merfolk Gladiator)                  Turns: 2518, Time: 00:02:53

Health: -3/38      AC:  6    Str: 14    XL:     5   Next: 12%
Magic:  5/5        EV: 13    Int:  8    God:
Gold:   98         SH:  0    Dex: 17    Spells: 4/4 levels left

rFire   . . .        a - +1 trident
rCold   . . .        (no shield)
rNeg    . . .        b - +0 leather armour
rPois   .            c - +1 helmet
rElec   .            (no cloak)
rCorr   +            (no gloves)
SInv    .            k - +0 pair of boots
Will    .....        (no amulet)
Stlth   +            m - ring of resist corrosion
HPRegen 0.26/turn    (no ring)
MPRegen 0.09/turn

%: no passive effects
@: slowed, very slow
A: (nimble swimmer 2), mertail
a: no special abilities


You were on level 3 of the Dungeon.
You visited 1 branch of the dungeon, and saw 3 of its levels.

You collected 98 gold pieces.

Inventory:

Hand Weapons
 a - a +1 trident (weapon)
Missiles
 d - 3 throwing nets (quivered)
 e - a javelin
 j - 4 curare-tipped darts
 l - 5 boomerangs
Armour
 b - a +0 leather armour (worn)
 c - a +1 helmet (worn)
 k - a +0 pair of boots (worn)
Jewellery
 m - a ring of resist corrosion (left hand)
Scrolls
 g - a scroll of fear
 h - 3 scrolls of teleportation
 i - a scroll of identify
Potions
 f - a potion of brilliance
 o - 6 potions of curing
 p - 2 potions of lignification


   Skills:
 - Level 2.1 Fighting
 + Level 7.5 Polearms
 - Level 2.0 Throwing
 - Level 4.0 Dodging


You had 4 spell levels left.
You didn't know any spells.
Your spell library contained the following spells:

 Spells                   Type           Power      Damage    Failure   Level
 Vhi's Electric Charge    Tloc/Air       0%         N/A       86%         3
 Animate Dead             Necr           0%         N/A       99%         4
 Arcjolt                  Conj/Air       0%         1d10      100%        5
 Plasma Beam              Fire/Air       0%         2x1d11    100%        6
 Haunt                    Necr/Summ      0%         N/A       100%        7
 Infestation              Necr           0%         N/A       100%        8


Dungeon Overview and Level Annotations

Branches:
Dungeon (3/15)

Altars:

Annotations:
D:3 Natasha


Innate Abilities, Weirdness & Mutations

((You are very nimble when in or above water. (Stealth+, EV+, Speed+++)))
Your lower body shifts to a powerful aquatic tail in water.


Message History

You feel very sick.
Natasha wildly gestures.
Natasha shimmers violently.
The cerulean imp closely misses you.
You completely miss Natasha.
You feel sick. Natasha claws you.
The cerulean imp hits you from afar with a +0 spear.
Natasha claws you but does no damage. Natasha attacks as you move away!
Natasha closely misses you.
You feel sick.
The cerulean imp hits you but does no damage.
You feel sick. Natasha claws you but does no damage.
The cerulean imp hits you but does no damage.
Natasha attacks as you move away! Natasha claws you.
You feel sick.
You are no longer poisoned.
The cerulean imp hits you but does no damage.
Natasha misses you.
Okay, then.
You closely miss Natasha. The cerulean imp misses you. Natasha misses you.
You closely miss Natasha.
The cerulean imp hits you but does no damage.
Natasha barely misses you.
The cerulean imp hits you from afar with a +0 spear.
Natasha misses you.
You hit Natasha.
Natasha is lightly wounded.
The cerulean imp hits you but does no damage.
Natasha claws you.
You puncture Natasha!
Natasha is severely wounded.
The cerulean imp hits you from afar with a +0 spear.
* * * LOW HITPOINT WARNING * * *
Natasha mumbles some strange words.
The cerulean imp misses you.
You hit Natasha.
Natasha is almost dead.
Natasha claws you.
* * * LOW HITPOINT WARNING * * *
The cerulean imp hits you with a +1 spear.
* * * LOW HITPOINT WARNING * * *
The cerulean imp hits you from afar with a +0 spear.
You die...

## #.#.## #.#.......# #
##....# #.#.......#
#...#.####.#.......#
#####..................#
..##....#..###.........#
.......###.##..........#
.....#.##......#.......#
.###.#.##..###.5.#######
..##.#..[..# ###@#
#.#..###...# #h##
.........### #5.#
##.......# ##)#
##..##... .......)..#
.รท..###.. #......?..#
..### ..........# .##
..........# ##
..........#


You could see Natasha and 2 cerulean imps.

Vanquished Creatures
  Jessica (D:3)
  3 gnolls (D:3)
  An adder (D:3)
  3 worms (D:2)
  2 dart slugs (D:2)
  2 orcs (D:3)
  4 endoplasms
  5 giant cockroaches
  A goblin (D:1)
  6 hobgoblins
  2 kobolds
  3 quokkas
  4 ball pythons
  4 bats
  2 frilled lizards (D:2)
  8 rats
51 creatures vanquished.

Notes
Turn   | Place    | Note
-------+----------+-------------------------------------------
     0 | D:1      | raph the Merfolk Gladiator began the quest for the Orb.
     0 | D:1      | Reached XP level 1. HP: 16/16 MP: 1/1
   190 | D:1      | Reached XP level 2. HP: 20/22 MP: 2/2
   322 | D:1      | Reached skill level 5 in Polearms
   961 | D:2      | Reached XP level 3. HP: 23/27 MP: 3/3
  1487 | D:3      | Reached skill level 6 in Polearms
  1509 | D:3      | Reached XP level 4. HP: 25/33 MP: 4/4
  1682 | D:3      | Found a faded altar of an unknown god.
  1762 | D:3      | Noticed Jessica
  1773 | D:3      | Killed Jessica
  1774 | D:3      | Reached skill level 7 in Polearms
  1774 | D:3      | Reached XP level 5. HP: 32/38 MP: 5/5
  2504 | D:3      | Noticed Natasha
  2518 | D:3      | Slain by a cerulean imp

Illustrated notes

Levels and vault maps discovered:
D:1:      dpeg_arrival_tiny_i, layout_basic, grunt_decor_fettered
D:2:      layout_basic, minmay_misc_feat_room, minmay_tromino_i4
D:3:      layout_rooms, hellmonk_ecumenical_altar_zigzags, uniq_natasha,
          uniq_jessica

Skill      XL: |  1  2  3  4 |
---------------+-------------+-----
Polearms       | 5 6 7 |  7.5
Fighting       | |  2.1
Throwing       | |  2.0
Dodging        | |  4.0

Action                     |  1- 3 |  4- 6 || total
---------------------------+-------+-------++-------
  Melee: Trident           |   100 |    63 ||   163
         Punch             |     4 |       ||     4
    Use: Scroll            |     3 |     5 ||     8
   Stab: Sleeping          |     3 |     2 ||     5
 Armour: Leather armour    |    30 |    20 ||    50
  Dodge: Dodged            |    62 |    31 ||    93
